 Dungeon Crawl Stone Soup version 0.29-a0-356-g7bc237e783 (webtiles) character file.

Game seed: 11090190656830219968

48 croobank the Sneak (level 3, 0/17 HPs)
             Began as a Felid Delver on Apr 26, 2022.
             Slain by a ball python (3 damage)
             ... on level 2 of the Dungeon.
             The game lasted 00:04:34 (1188 turns).

croobank the Sneak (Felid Delver)                   Turns: 1188, Time: 00:04:36

Health: 0/17       AC:  1    Str: 10    XL:     3   Next: 50%
Magic:  4/4        EV: 18    Int: 17    God:
Gold:   111        SH:  0    Dex: 17    Spells: 2/2 levels left
                                        Lives:  0   Deaths: 0

rFire   . . .      SeeInvis +     - Unarmed
rCold   . . .      Faith    .   (shield unavailable)
rNeg    . . .      Spirit   .   (body armour unavailable)
rPois   .          Reflect  .   (helmet unavailable)
rElec   .          Harm     .   (cloak unavailable)
rCorr   .          Rampage  .   (gloves unavailable)
Will    .....                   (boots unavailable)
Stlth   ++++......              (no amulet)
HPRegen 0.05/turn               b - +6 ring of intelligence
MPRegen 0.09/turn               (no ring)

@: hasted, very quick
A: very small, claws 1, fangs 3, see invisible, speed 1, shaggy fur 1, stealthy
paws, no weapons or thrown items, no armour, multi-lived
a: no special abilities


You were on level 2 of the Dungeon.
You visited 1 branch of the dungeon, and saw 5 of its levels.

You collected 111 gold pieces.

Inventory:

Missiles
 j - 36 stones
Jewellery
 b - a +6 ring of intelligence (left paw)
Wands
 e - a wand of digging (8)
Scrolls
 a - 2 scrolls of fog
 h - a scroll of noise {unknown}
 i - a scroll of enchant weapon {unknown}
 l - a scroll of magic mapping
 m - 2 scrolls of vulnerability {unknown}
Potions
 c - a potion of flight
 d - a potion of haste
 g - a potion of curing
 k - a potion of degeneration {unknown}


   Skills:
 + Level 3.4 Fighting
 + Level 3.4 Dodging
 + Level 7.1 Stealth
 + Level 2.5 Unarmed Combat


You had 2 spell levels left.
You didn't know any spells.
Your spell library contained the following spells:

 Spells                   Type           Power      Damage    Failure   Level
 Ozocubu's Armour         Ice            0%         N/A       56%         3
 Summon Ice Beast         Ice/Summ       0%         N/A       93%         4
 Malign Gateway           Summ/Tloc      0%         N/A       100%        7
 Ozocubu's Refrigeration  Ice            0%         4d5       100%        7
 Maxwell's Capacitive Co  Air            0%         ∞         100%        8


Dungeon Overview and Level Annotations

Branches:
Dungeon (5/15)             Temple (0/1) D:4

Altars:

Annotations:
D:5 Menkaure


Innate Abilities, Weirdness & Mutations

You have sharp claws.
You have razor-sharp teeth.
You have supernaturally acute eyesight. (SInv)
You cover ground quickly. (Speed+)
You are covered in fur. (AC +1)
Your paws help you pounce on unaware monsters.
You are incapable of wielding weapons or throwing items.
You cannot wear armour.
You gain extra lives every three experience levels.


Message History

A hobgoblin comes into view.
Found a leather armour.
Found an escape hatch in the floor.
The helpless hobgoblin fails to defend itself.
You mangle the hobgoblin!!
You kill the hobgoblin!
You pounce on the unaware helpless hobgoblin!
You mangle the hobgoblin!!
You kill the hobgoblin!
No target in view!
j - 36 stones (gained 8)
You see here a +0 leather armour.
A ball python comes into view.
An endoplasm comes into view.
Found a bubbling dark potion.
You pounce on the unaware helpless endoplasm!
You mangle the endoplasm!!
You kill the endoplasm!
A worm comes into view.
You see here a bubbling dark potion.
The ball python hisses angrily.
You scratch the worm.
The worm is moderately wounded.
The worm misses you.
You scratch the worm.
The worm is heavily wounded.
You scratch the worm.
The worm is heavily wounded.
The ball python barely misses you. x2; The worm bites you!
The ball python misses you. The ball python barely misses you.
You scratch the worm but do no damage.
The worm is heavily wounded.
The ball python closely misses you. The ball python barely misses you.
You claw the worm! Your bite misses the worm.
The worm is almost dead.
The ball python misses you. The ball python completely misses you.
The worm bites you!
* * * LOW HITPOINT WARNING * * *
You feel yourself speed up. The ball python bites you.
You die...

..#..# #.#..# #.#..#
#.#†.# ########## #....#
#........#####...#
#........##......#
#...wS...##.##..##
#...@....## #..#
#........+....#>###
#........##.#.#.#.###
#........##.#.#.#..<#
#........##.#.#.#.###
###........##.#.#.#.#
#......######.#.#.#.#
####.###########.#.#.#.#
#................#.#...##


You could see a worm and a ball python.

Vanquished Creatures
  An adder (D:5)
  3 ball pythons (D:1)
  3 endoplasms
  A giant cockroach (D:3)
  3 goblins (D:1)
  5 hobgoblins
  3 jackals (D:1)
  5 quokkas (D:1)
  3 bats (D:1)
  2 frilled lizards (D:1)
  3 kobolds (D:1)
32 creatures vanquished.

Notes
Turn   | Place    | Note
-------+----------+-------------------------------------------
     0 | D:5      | croobank the Felid Delver began the quest for the Orb.
     0 | D:5      | Reached XP level 1. HP: 10/10 MP: 2/2
    76 | D:5      | Noticed Menkaure
    86 | D:5      | Reached XP level 2. HP: 14/14 MP: 3/3
   115 | D:5      | Noticed an ogre
   677 | D:1      | Reached XP level 3. HP: 14/17 MP: 4/4
   868 | D:1      | Got Soodis's Incunabulum of Creative Lightness
   878 | D:1      | Reached skill level 7 in Stealth
  1188 | D:2      | Slain by a ball python

Illustrated notes

Levels and vault maps discovered:
D:1:      dpeg_arrival_stonehenge_8_columns, layout_loops_ring
D:2:      layout_basic, serial_park_tiny_1
D:3:      layout_basic
D:4:      layout_basic, minmay_temple_entry_mini_moons, portal_sewer_entry_e,
          uniq_sigmund
D:5:      layout_loops_ring, nicolae_shop_gadgets, uniq_menkaure

Skill      XL: |  1  2  3 |
---------------+----------+-----
Dodging        | 3 |  3.4
Stealth        | 7 |  7.1
Fighting       | |  3.4
Unarmed Combat | |  2.5

Action                   || total
-------------------------++-------
Melee: Unarmed           ||    74
       Bite              ||     7
  Use: Scroll            ||     5
       Potion            ||     1
 Stab: Sleeping          ||     9
Armor: Skin              ||     3
Dodge: Dodged            ||    58

Table legend: (Time is in decaauts)
 A = Elapsed time spent in this place.
 B = Non-inter-level travel time spent in this place.
 C = Inter-level travel time spent in this place.
 D = Time resting spent in this place.
 E = Time spent auto-exploring this place.
 F = Levels seen in this place.
 G = Mean time per level.
                   A        B        C        D        E       F      G
               +--------+--------+--------+--------+--------+-----+--------+
         Total |   1020 |   1003 |     17 |    209 |    445 |   5 |  204.0 |
       Dungeon |   1020 |   1003 |     17 |    209 |    445 |   5 |  204.0 |
               +--------+--------+--------+--------+--------+-----+--------+

Top non-repeatable levels by time:
     D:1: 780 daAuts
     D:5: 109 daAuts
     D:2: 89 daAuts
     D:3: 29 daAuts
     D:4: 10 daAuts
